 Dungeon Crawl Stone Soup version 0.28.0-53-g5a82cb258f (webtiles) character file.

Game seed: 8946477293075308527

26 Sin92 the Sneak (level 2, -6/24 HPs)
             Began as a Demonspawn Delver on July 5, 2022.
             Was an Initiate of Okawaru.
             Mangled by a phantom (7 damage)
             ... on level 3 of the Dungeon.
             The game lasted 00:01:58 (339 turns).

Sin92 the Sneak (Demonspawn Delver)                  Turns: 339, Time: 00:01:59

Health: -6/24      AC:  3    Str: 12    XL:     2   Next: 89%
Magic:  2/2        EV: 12    Int: 11    God:    Okawaru [......]
Gold:   0          SH:  0    Dex: 14    Spells: 1/1 levels left

rFire   . . .      SeeInvis .   a - +0 hand axe
rCold   . . .      Faith    .   (no shield)
rNeg    . . .      Spirit   .   b - +0 leather armour
rPois   .          Reflect  .   (no helmet)
rElec   .          Harm     .   (no cloak)
rCorr   .          Rampage  .   (no gloves)
Will    .....                   (no boots)
Stlth   +++.......              (no amulet)
HPRegen 0.08/turn               (no ring)
MPRegen 0.08/turn               (no ring)

@: no status effects
A: spiny 1
a: Renounce Religion


You were on level 3 of the Dungeon.
You worshipped Okawaru.
Okawaru was noncommittal.
You visited 1 branch of the dungeon, and saw 3 of its levels.

Inventory:

Hand Weapons
 a - a +0 hand axe (weapon)
Armour
 b - a +0 leather armour (worn)
Wands
 g - a wand of digging (3)


   Skills:
 + Level 3.3 Fighting
 + Level 2.1 Axes
 + Level 2.1 Dodging
 + Level 4.7 Stealth


You had one spell level left.
You didn't know any spells.
Your spell library was empty.

Dungeon Overview and Level Annotations

Branches:
Dungeon (5/15)
 Temple: D:4-7

Altars:
Dithmenos
Okawaru

Annotations:
D:3 Ijyb
D:5 Grinder


Innate Abilities, Weirdness & Mutations

You are partially covered in sharp spines.


Message History

The scroll dissolves into smoke.
You closely miss the phantom. The phantom closely misses you.
You miss the phantom. The phantom is struck by your spines.
The phantom misses you.
You hit the phantom.
The phantom is lightly damaged.
The phantom closely misses you.
You barely miss the phantom.
The phantom is lightly damaged.
You hit the goblin. The phantom hits you.
The phantom blinks!
You blink.
Ijyb and 3 goblins come into view.
Ijyb is wielding a +0 dagger and carrying a wand of digging (1).
Unknown command.
The goblin shouts!
Ijyb shouts!
You hit the phantom. You punch the phantom.
The phantom is moderately damaged.
You hit the goblin. The phantom is struck by your spines. The phantom hits you.
The phantom blinks!
You blink.
The goblin is struck by your spines.
You kill the goblin!
Okawaru accepts your kill.
Ijyb screams, "Me very upset!"
The phantom hits you.
* * * LOW HITPOINT WARNING * * *
The phantom blinks!
You blink.
You aren't carrying any potions.
Unknown command.
As you read the scroll of fear, it crumbles to dust.
You assume a fearsome visage.
The goblin looks frightened! x3
Ijyb looks frightened!
The goblin looks frightened! x2
The phantom is unaffected.
The phantom hits you.
* * * LOW HITPOINT WARNING * * *
Unknown command.
You hit the phantom.
The phantom is moderately damaged.
The goblin pleads, "Please don't kill me!"
The phantom hits you but does no damage.
You miss the phantom.
The phantom is moderately damaged.
Cornered, the goblin turns to fight!
The phantom hits you!
You die...

.#. ....
##...#########
.....8.8g8.8g#
#..........#
#..........#
#..........#
##§§........#
#§§g.g...W@.#
#§§§8.8.8.8.#
#§§§#########
#§§§#
.....?§§§#
....##§§§# .$.
#...# . #...#
#...#


You could see a phantom, Ijyb (fleeing) and 3 goblins.

Vanquished Creatures
  A hound skeleton (D:4)
  An adder (D:4)
  A dart slug (D:4)
  An endoplasm (D:4)
  A goblin (D:3)
5 creatures vanquished.

Notes
Turn   | Place    | Note
-------+----------+-------------------------------------------
     0 | D:5      | Sin92 the Demonspawn Delver began the quest for the Orb.
     0 | D:5      | Reached XP level 1. HP: 18/18 MP: 1/1
    11 | D:5      | Noticed a hound
    53 | D:5      | Noticed Grinder
    88 | D:4      | Gained mutation: You are partially covered in sharp spines.
                  | [demonic ancestry]
    88 | D:4      | Reached XP level 2. HP: 6/24 MP: 2/2
   113 | D:4      | Found a shadowy altar of Dithmenos.
   291 | D:4      | Found an iron altar of Okawaru.
   309 | D:4      | Became a worshipper of Warmaster Okawaru
   328 | D:3      | Noticed a phantom
   335 | D:3      | Noticed Ijyb
   337 | D:3      | HP: 1/24 [phantom (4)]
   339 | D:3      | Mangled by a phantom

Illustrated notes

Levels and vault maps discovered:
D:3:      kennysheep_the_goblin_king, layout_rooms,
          gammafunk_temple_overflow_pools, uniq_sigmund
D:4:      layout_basic, lemuel_tele_altar, okawaru_gym_becter,
          minmay_starry_boxes
D:5:      layout_loops_ring, hangedman_decor_peaks_small, uniq_duvessa,
          uniq_crazy_yiuf_cottage, uniq_grinder

Skill      XL: |  1 |
---------------+----+-----
Axes           | 2 |  2.1
Dodging        | 2 |  2.1
Fighting       | |  3.3
Stealth        | |  4.7

Action                   || total
-------------------------++-------
Melee: Hand axe          ||    20
       Punch             ||     1
  Use: Scroll            ||     4
       Potion            ||     1
Armor: Leather armour    ||     4
Dodge: Dodged            ||    18
